General information
- name: BNet
- type: Ladder team game (AT/RT)
- host: Battle.net
- saver: brucewillisusa
map: FullScaleAssault
- players: 8
- length: 109:15
- speed: Fast
- version: 1.23 W3XP
- replay type: Public
» download(367 KB)
Players
team 1 (loser)

»
I_UseGameGenie (
blue | 67 APM | 1875 actions | 27:58)
4 Archmage
2 Summon Water Elemental
2 Brilliance Aura
3 Mountain King
2 Storm Bolt
1 Bash
3 Paladin
2 Holy Light
1 Divine Shield
» actions
| Assign group hotkey | 21 | |
| Build / train | 102 | |
| ESC pressed | 5 | |
| Enter build submenu | 61 | |
| Enter hero's abilities submenu | 10 | |
| Right click | 950 | |
| Select / deselect | 549 | |
| Select group hotkey | 63 | |
| Use ability | 114 | |
1875 total
» units
| Peasant | 35 | |
| Footman | 6 | |
| Goblin Zeppelin | 2 | |
| Goblin Shredder | 1 | |
| Flying Machine | 15 | |
59 total
» upgrades
| Masonry | 4 | |
| Gunpowder | 2 | |
| Plating | 1 | |
| Flak Cannons | 1 | |
8 total
» buildings
| Altar of Kings | 2 | |
| Barracks | 2 | |
| Farm | 23 | |
| Arcane Vault | 2 | |
| Lumber Mill | 4 | |
| Keep | 2 | |
| Town Hall | 3 | |
| Scout Tower | 10 | |
| Arcane Tower | 3 | |
| Guard Tower | 5 | |
| Castle | 1 | |
| Gryphon Aviary | 1 | |
| Blacksmith | 2 | |
| Workshop | 3 | |
63 total
» build order
00:10 Altar of Kings
00:16 Barracks
00:25 Farm
00:43 Farm
01:40 Farm
02:04 Arcane Vault
02:43 Farm
03:10 Lumber Mill
04:31 Keep
05:25 Town Hall
05:27 Scout Tower
05:29 Scout Tower
05:30 Scout Tower
05:31 Scout Tower
06:02 Arcane Tower
06:04 Guard Tower
06:22 Guard Tower
07:28 Scout Tower
07:29 Scout Tower
07:42 Farm
08:08 Guard Tower
08:11 Scout Tower
08:14 Scout Tower
08:35 Guard Tower
08:38 Arcane Tower
08:46 Guard Tower
09:08 Keep
10:14 Lumber Mill
11:31 Farm
11:33 Farm
11:37 Altar of Kings
11:51 Lumber Mill
12:56 Castle
12:57 Farm
12:59 Farm
13:09 Farm
13:09 Farm
13:19 Town Hall
13:50 Scout Tower
13:51 Scout Tower
14:21 Arcane Tower
14:25 Lumber Mill
15:34 Arcane Vault
16:44 Farm
16:45 Farm
16:49 Farm
16:57 Farm
18:34 Town Hall
19:13 Gryphon Aviary
19:39 Barracks
20:19 Blacksmith
21:03 Blacksmith
21:24 Workshop
21:29 Workshop
21:38 Workshop
22:32 Farm
22:34 Farm
22:50 Farm
22:51 Farm
22:52 Farm
22:55 Farm
22:55 Farm
23:33 Farm
» items
| Scroll of Regeneration | 3 | |
| Staff of Sanctuary | 2 | |
| Orb of Fire | 1 | |
| Scroll of Town Portal | 2 | |
8 total

»
scholarvate (
teal | 32 APM | 1098 actions | 34:00)
5 Shadow Hunter
2 Serpent Ward
3 Hex
4 Tauren Chieftain
2 War Stomp
2 Endurance Aura
» actions
| Assign group hotkey | 12 | |
| Build / train | 63 | |
| Enter build submenu | 31 | |
| Enter hero's abilities submenu | 10 | |
| Remove unit from queue | 2 | |
| Right click | 526 | |
| Select / deselect | 210 | |
| Select group hotkey | 159 | |
| Use ability | 85 | |
1098 total
» units
| Peon | 6 | |
| Grunt | 4 | |
| Goblin Shredder | 1 | |
| Tauren | 8 | |
| Shaman | 10 | |
29 total
» upgrades
| Pillage | 1 | |
| Melee Weapons | 3 | |
| Shaman Training | 2 | |
| Armor | 3 | |
| Reinforced Defenses | 1 | |
| Pulverize | 1 | |
| Berserker Strength | 1 | |
12 total
» buildings
| Altar of Storms | 1 | |
| Barracks | 1 | |
| Orc Burrow | 8 | |
| Voodoo Lounge | 2 | |
| Stronghold | 1 | |
| War Mill | 1 | |
| Fortress | 1 | |
| Spirit Lodge | 1 | |
| Watch Tower | 7 | |
| Tauren Totem | 2 | |
| Great Hall | 1 | |
| Tree of Life | 1 | |
27 total
» build order
00:09 Altar of Storms
00:15 Barracks
00:21 Orc Burrow
01:44 Orc Burrow
03:25 Orc Burrow
03:30 Voodoo Lounge
04:44 Stronghold
04:52 War Mill
05:53 Orc Burrow
06:24 Voodoo Lounge
07:17 Fortress
07:21 Spirit Lodge
08:52 Watch Tower
08:57 Watch Tower
09:03 Watch Tower
09:08 Watch Tower
09:14 Watch Tower
09:30 Watch Tower
09:57 Tauren Totem
11:12 Watch Tower
12:36 Orc Burrow
12:40 Orc Burrow
14:28 Orc Burrow
14:30 Orc Burrow
14:38 Tauren Totem
29:03 Great Hall
30:01 Tree of Life
» items
| Healing Salve | 5 | |
| Lesser Clarity Potion | 2 | |
7 total

»
TYRONEBIGGUMS (
pink | 54 APM | 1346 actions | 24:58)
4 Demon Hunter
2 Evasion
2 Mana Burn
2 Keeper of the Grove
1 Entangling Roots
1 Thorns Aura
» actions
| Assign group hotkey | 9 | |
| Build / train | 65 | |
| Enter build submenu | 13 | |
| Enter hero's abilities submenu | 6 | |
| Give item / drop item | 4 | |
| Remove unit from queue | 2 | |
| Right click | 728 | |
| Select / deselect | 183 | |
| Select group hotkey | 273 | |
| Use ability | 63 | |
1346 total
» units
» upgrades
| Strength of the Wild | 1 | |
| Reinforced Hides | 1 | |
| Ultravision | 1 | |
3 total
» buildings
| Altar of Elders | 1 | |
| Moon Well | 7 | |
| Ancient of War | 1 | |
| Ancient of Wonders | 1 | |
| Hunter's Hall | 2 | |
| Tree of Life | 3 | |
| Tree of Ages | 1 | |
16 total
» build order
00:09 Altar of Elders
00:14 Moon Well
00:25 Ancient of War
01:22 Moon Well
02:04 Ancient of Wonders
03:35 Hunter's Hall
04:38 Tree of Life
04:46 Tree of Ages
05:47 Moon Well
05:49 Moon Well
05:51 Moon Well
11:51 Tree of Life
19:22 Moon Well
19:32 Tree of Life
20:19 Moon Well
21:43 Hunter's Hall
» items
| Moonstone | 2 | |
| Dust of Appearance | 1 | |
| Tiny Great Hall | 1 | |
| Healing Salve | 1 | |
| Lesser Clarity Potion | 1 | |
| Orb of Lightning | 1 | |
7 total
Saurfang (
purple | 12 APM | 1311 actions | 109:13)
4 Death Knight
2 Death Coil
1 Unholy Aura
1 Death Pact
4 Dreadlord
3 Vampiric Aura
1 Carrion Swarm
» actions
| Assign group hotkey | 174 | |
| Build / train | 72 | |
| ESC pressed | 12 | |
| Enter build submenu | 27 | |
| Enter hero's abilities submenu | 8 | |
| Right click | 468 | |
| Select / deselect | 319 | |
| Select group hotkey | 167 | |
| Use ability | 64 | |
1311 total
» units
| Acolyte | 3 | |
| Ghoul | 12 | |
| Gargoyle | 11 | |
| Frost Wyrm | 12 | |
| Wisp | 4 | |
| Peon | 6 | |
48 total
» upgrades
| Cannibalize | 1 | |
| Web | 1 | |
| Freezing Breath | 1 | |
3 total
» buildings
| Altar of Darkness | 1 | |
| Crypt | 2 | |
| Ziggurat | 9 | |
| Tomb of Relics | 1 | |
| Nerubian Tower | 2 | |
| Graveyard | 1 | |
| Halls of the Dead | 1 | |
| Spirit Tower | 3 | |
| Sacrificial Pit | 1 | |
| Black Citadel | 1 | |
| Boneyard | 3 | |
| Tree of Life | 2 | |
| Moon Well | 1 | |
| Great Hall | 1 | |
29 total
» build order
00:10 Altar of Darkness
00:12 Crypt
00:16 Ziggurat
01:09 Tomb of Relics
01:45 Ziggurat
02:18 Nerubian Tower
02:34 Ziggurat
03:47 Graveyard
04:18 Crypt
04:39 Halls of the Dead
05:58 Ziggurat
06:00 Ziggurat
06:01 Ziggurat
06:05 Spirit Tower
09:09 Spirit Tower
09:18 Sacrificial Pit
09:50 Black Citadel
09:52 Nerubian Tower
10:23 Ziggurat
12:22 Boneyard
12:24 Boneyard
13:12 Boneyard
13:14 Ziggurat
14:12 Ziggurat
15:51 Spirit Tower
27:59 Tree of Life
28:09 Moon Well
31:02 Tree of Life
36:01 Great Hall
» items
team 2 (winner)

»
HopTop (
green | 44 APM | 2022 actions | 46:27)
5 Demon Hunter
2 Immolation
3 Evasion
1 Keeper of the Grove
1 Entangling Roots
» actions
| Assign group hotkey | 206 | |
| Basic commands | 140 | |
| Build / train | 85 | |
| Enter build submenu | 27 | |
| Enter hero's abilities submenu | 6 | |
| Give item / drop item | 3 | |
| Remove unit from queue | 20 | |
| Right click | 568 | |
| Select / deselect | 411 | |
| Select group hotkey | 479 | |
| Use ability | 75 | |
2022 total
» units
| Wisp | 27 | |
| Huntress | 6 | |
| Hippogryph | 4 | |
| Glaive Thrower | 1 | |
| Chimaera | 7 | |
45 total
» upgrades
| Ultravision | 1 | |
| Corrosive Breath | 1 | |
2 total
» buildings
| Altar of Elders | 1 | |
| Moon Well | 10 | |
| Hunter's Hall | 2 | |
| Ancient of War | 5 | |
| Tree of Ages | 1 | |
| Tree of Eternity | 1 | |
| Ancient of Wind | 2 | |
| Chimaera Roost | 2 | |
| Tree of Life | 3 | |
27 total
» build order
00:13 Altar of Elders
00:23 Moon Well
01:59 Hunter's Hall
02:13 Ancient of War
02:16 Ancient of War
02:27 Hunter's Hall
02:34 Moon Well
03:07 Moon Well
03:59 Tree of Ages
05:48 Moon Well
08:06 Tree of Eternity
08:08 Ancient of Wind
08:47 Moon Well
10:52 Chimaera Roost
10:56 Chimaera Roost
12:07 Moon Well
12:09 Moon Well
12:13 Tree of Life
17:13 Ancient of Wind
26:44 Tree of Life
35:45 Tree of Life
38:29 Ancient of War
38:33 Ancient of War
39:00 Ancient of War
41:35 Moon Well
41:39 Moon Well
41:47 Moon Well
» items
| Boots of Speed | 1 | |
| Scroll of Healing | 3 | |
| Potion of Lesser Invulnerability | 2 | |
| Scroll of Town Portal | 1 | |
| Staff of Teleportation | 1 | |
8 total
Riquelme (
red | 11 APM | 1212 actions | 107:06)
8 Demon Hunter
3 Immolation
3 Evasion
1 Metamorphosis
1 Mana Burn
» actions
| Assign group hotkey | 17 | |
| Basic commands | 190 | |
| Build / train | 93 | |
| Enter build submenu | 16 | |
| Enter hero's abilities submenu | 8 | |
| Give item / drop item | 1 | |
| Remove unit from queue | 1 | |
| Right click | 191 | |
| Select / deselect | 236 | |
| Select group hotkey | 416 | |
| Use ability | 42 | |
1212 total
» units
| Wisp | 18 | |
| Huntress | 28 | |
| Hippogryph | 21 | |
67 total
» upgrades
| Strength of the Moon | 2 | |
| Ultravision | 1 | |
| Moon Armor | 2 | |
| Sentinel | 1 | |
| Strength of the Wild | 2 | |
| Reinforced Hides | 1 | |
9 total
» buildings
| Altar of Elders | 1 | |
| Moon Well | 11 | |
| Hunter's Hall | 1 | |
| Ancient of War | 2 | |
| Tree of Ages | 1 | |
| Tree of Life | 1 | |
| Ancient of Wind | 2 | |
19 total
» build order
00:12 Altar of Elders
00:14 Moon Well
01:22 Moon Well
01:23 Moon Well
01:41 Hunter's Hall
01:59 Ancient of War
02:21 Ancient of War
02:36 Moon Well
02:55 Moon Well
08:12 Moon Well
08:12 Moon Well
10:08 Moon Well
12:18 Tree of Ages
16:42 Tree of Life
18:31 Ancient of Wind
18:33 Ancient of Wind
18:36 Moon Well
18:37 Moon Well
20:26 Moon Well
» items
| Periapt of Vitality | 1 | |
| Scroll of Town Portal | 4 | |
5 total

»
brucewillisusa (
orange | 46 APM | 5077 actions | 109:15)
10 Priestess of the Moon
3 Scout
3 Trueshot Aura
1 Starfall
3 Searing Arrows
3 Naga Sea Witch
2 Frost Arrows
1 Mana Shield
» actions
| Assign group hotkey | 100 | |
| Basic commands | 647 | |
| Build / train | 91 | |
| ESC pressed | 9 | |
| Enter build submenu | 27 | |
| Enter hero's abilities submenu | 13 | |
| Give item / drop item | 18 | |
| Right click | 2071 | |
| Select / deselect | 507 | |
| Select group hotkey | 1071 | |
| Use ability | 514 | |
5077 total
» units
| Wisp | 24 | |
| Huntress | 7 | |
| Glaive Thrower | 8 | |
| Chimaera | 4 | |
| Hippogryph | 6 | |
| Goblin Zeppelin | 1 | |
50 total
» upgrades
| Strength of the Moon | 2 | |
| Moon Armor | 1 | |
| Sentinel | 1 | |
| Vorpal Blades | 1 | |
| Upgrade Moon Glaive | 1 | |
| Strength of the Wild | 3 | |
| Nature's Blessing | 1 | |
| Reinforced Hides | 3 | |
| Corrosive Breath | 1 | |
| Ultravision | 1 | |
| Well Spring | 1 | |
16 total
» buildings
| Moon Well | 9 | |
| Altar of Elders | 1 | |
| Hunter's Hall | 1 | |
| Ancient of War | 3 | |
| Tree of Life | 2 | |
| Tree of Ages | 1 | |
| Tree of Eternity | 1 | |
| Ancient of Wind | 4 | |
| Ancient of Wonders | 1 | |
| Chimaera Roost | 4 | |
27 total
» build order
00:23 Moon Well
00:35 Altar of Elders
02:03 Hunter's Hall
02:06 Ancient of War
02:07 Ancient of War
02:11 Ancient of War
02:18 Moon Well
02:28 Moon Well
03:57 Moon Well
06:15 Tree of Life
07:10 Tree of Ages
09:40 Tree of Eternity
09:43 Ancient of Wind
09:43 Ancient of Wind
10:19 Moon Well
10:19 Moon Well
10:20 Moon Well
15:15 Moon Well
15:15 Moon Well
16:52 Ancient of Wonders
17:09 Ancient of Wind
17:09 Ancient of Wind
17:13 Chimaera Roost
17:13 Chimaera Roost
17:18 Chimaera Roost
17:18 Chimaera Roost
23:10 Tree of Life
» items
| Scroll of Town Portal | 6 | |
| Staff of Teleportation | 1 | |
| Anti-magic Potion | 1 | |
8 total

»
mushroom (
yellow | 19 APM | 2033 actions | 109:13)
6 Archmage
2 Summon Water Elemental
3 Brilliance Aura
1 Mass Teleport
5 Mountain King
3 Storm Bolt
2 Bash
» actions
| Basic commands | 25 | |
| Build / train | 108 | |
| Enter build submenu | 26 | |
| Enter hero's abilities submenu | 11 | |
| Remove unit from queue | 1 | |
| Right click | 1337 | |
| Select / deselect | 464 | |
| Use ability | 60 | |
2033 total
» units
| Peasant | 15 | |
| Rifleman | 25 | |
| Siege Engine | 22 | |
| Mortar Team | 13 | |
| Knight | 1 | |
76 total
» upgrades
| Gunpowder | 3 | |
| Armor | 3 | |
| Lumber Harvesting | 2 | |
| Barrage | 1 | |
| Fragmentation Shards | 1 | |
| Flare | 1 | |
| Flying Machine Bombs | 1 | |
| Flak Cannons | 1 | |
| Swords | 1 | |
14 total
» buildings
| Altar of Kings | 1 | |
| Farm | 13 | |
| Blacksmith | 1 | |
| Barracks | 2 | |
| Town Hall | 2 | |
| Keep | 1 | |
| Castle | 1 | |
| Workshop | 5 | |
| Lumber Mill | 1 | |
| Arcane Vault | 1 | |
28 total
» build order
00:33 Altar of Kings
00:42 Farm
01:11 Blacksmith
01:20 Barracks
01:39 Farm
02:21 Farm
02:29 Barracks
02:37 Farm
04:16 Farm
05:05 Farm
05:49 Town Hall
06:42 Farm
07:55 Keep
09:12 Farm
10:04 Farm
11:25 Castle
11:29 Farm
13:15 Farm
13:21 Workshop
13:28 Workshop
13:34 Lumber Mill
15:42 Farm
16:11 Farm
20:39 Arcane Vault
33:29 Town Hall
37:59 Workshop
38:02 Workshop
38:06 Workshop
Chat log
(00:11 / Allies) mushroom: cc
(00:14 / Allies) mushroom: units
(00:17 / Allies) brucewillisusa: goign 50 food hunts all game
(00:18 / Allies) HopTop: aa
(00:24 / Allies) Riquelme: and then
(00:29 / Allies) Riquelme: feeding or what
(00:32 / Allies) brucewillisusa: no
(00:36 / Allies) Riquelme: so
(00:42 / Allies) HopTop: lets all get 50 food units
(00:43 / Allies) HopTop: 2x heros
(00:45 / Allies) HopTop: then attack
(00:52 / Allies) Riquelme: sure
(00:53 / Allies) mushroom: k rifs here
(00:55 / Allies) Riquelme: hunts
(00:56 / Allies) mushroom: then some tanks
(00:58 / Allies) HopTop: hunts
(02:43 / Allies) brucewillisusa: so puymp t1 hard until 50 food
(02:48 / Allies) brucewillisusa: dont tech with one barracks like a dick cheese
(02:50 / Allies) mushroom: k
(03:49 / Allies) brucewillisusa: gogo build rifle
(04:00 / All) brucewillisusa: lol waste?
(04:05 / All) brucewillisusa: night time was in 2 seconds...
(04:36 / Allies) HopTop: remember 50 food 2x hero
(04:38 / Allies) HopTop: then attack
(04:42 / Allies) brucewillisusa: just 1 hero
(04:43 / Allies) brucewillisusa: 50 food
(04:46 / Allies) brucewillisusa: 2x hero is a big ass delay
(04:47 / Allies) HopTop: k
(04:48 / Allies) brucewillisusa: for a shitty level 1 hero
(04:58 / Allies) HopTop: 4x heros
(05:03 / Allies) HopTop: with 4x frost arrow
(05:05 / Allies) HopTop: big deal
(05:19 / Allies) brucewillisusa: dude you are 50% just settle down with theorcycraft
(05:25 / Allies) HopTop: 1v1
(05:27 / Allies) HopTop: i usually tower rush
(05:29 / Allies) HopTop: for fun
(05:32 / Allies) HopTop: want to play
(05:52 / Allies) brucewillisusa: ok well soemone who actually plays strats that win
(05:53 / Allies) brucewillisusa: is telling u
(05:56 / Allies) brucewillisusa: 4x cold arrows
(05:59 / Allies) brucewillisusa: wont eb "imba"
(06:05 / Allies) HopTop: didnt say that
(06:13 / Allies) HopTop: its worth it
(06:21 / Allies) brucewillisusa: im 46
(06:26 / Allies) brucewillisusa: how bout u guys
(06:27 / Allies) brucewillisusa: rdy?
(06:31 / Allies) mushroom: im bout redy
(06:31 / Allies) brucewillisusa: split hit?
(06:42 / Allies) brucewillisusa: meet top and bottom
(06:44 / Allies) brucewillisusa: and hit their expos
(06:50 / Allies) brucewillisusa: come iwth me yellow
(07:05 / Allies) brucewillisusa: gogo
(07:20 / Allies) brucewillisusa: u got it
(07:22 / Allies) brucewillisusa: just avoid towers
(07:33 / Allies) brucewillisusa: dont follow mode attack
(07:43 / All) brucewillisusa: D
(07:46 / Allies) Riquelme: when attack?
(07:48 / Allies) brucewillisusa: NOW
(07:51 / Allies) brucewillisusa: wtf
(07:52 / Allies) brucewillisusa: are you doing
(07:55 / Allies) brucewillisusa: if i have to 2v4
(07:56 / Allies) HopTop: he is running
(07:56 / Allies) brucewillisusa: ims tabbing
(08:23 / Allies) brucewillisusa: hit you clowns
(08:24 / Allies) brucewillisusa: jesus
(08:26 / Allies) brucewillisusa: and not those mass towers
(08:28 / Allies) brucewillisusa: find a base iwth no otwers
(09:24 / Allies) HopTop: this base is gone
(11:10 / Allies) HopTop: seige coming
(11:25 / Allies) brucewillisusa: get the peons
(12:40 / All) brucewillisusa: well just mass siege
(12:42 / All) brucewillisusa: if u want to tower lame
(12:44 / All) brucewillisusa: zzzz
(12:57 / Allies) brucewillisusa: lol
(13:38 / Allies) mushroom: lumber plz
(14:19 / Allies) mushroom: ;umber???
(14:35 / Allies) mushroom: ty
(15:03 / Allies) Riquelme: lol
(15:07 / Allies) Riquelme: never saw that
(15:10 / Allies) Riquelme: jajaja
(15:58 / Allies) mushroom: morts n tanks commin
(16:17 / Allies) brucewillisusa: lol
(16:18 / Allies) brucewillisusa: gg we lose
(16:25 / Allies) HopTop: get back
(16:54 / Allies) HopTop: get hips
(17:52 / Allies) brucewillisusa: wood?
(17:55 / Allies) HopTop: ur going to need to run
(19:18 / Allies) brucewillisusa: why do you sit at home
(19:20 / Allies) brucewillisusa: with shitty tier 1
(19:22 / Allies) brucewillisusa: while we fight?
(19:25 / Allies) brucewillisusa: is it because you arent white?
(19:26 / Allies) brucewillisusa: or what
(19:29 / Allies) HopTop: lol
(19:52 / Allies) brucewillisusa: nioce
(20:04 / Allies) brucewillisusa: guys
(20:06 / Allies) brucewillisusa: kill your fucking tier 1
(20:09 / Allies) brucewillisusa: garbage huntresses
(20:11 / Allies) brucewillisusa: and change to mass hipps
(20:14 / Allies) brucewillisusa: KILL THEM
(20:15 / Allies) brucewillisusa: NOW
(20:35 / All) brucewillisusa: rofl u guys have more gold mines than us now
(20:54 / Allies) brucewillisusa: gren lets stay together
(20:57 / Allies) brucewillisusa: mass chim hipps together
(21:02 / Allies) HopTop: lets all just get together
(21:06 / Allies) brucewillisusa: nah not hunts
(21:08 / Allies) brucewillisusa: they can go suicide
(21:09 / Allies) brucewillisusa: asap
(21:14 / Allies) brucewillisusa: SUICIDE
(21:47 / Allies) mushroom: tp me in min
(21:52 / Allies) brucewillisusa: no
(21:53 / Allies) brucewillisusa: let it die
(21:55 / Allies) brucewillisusa: 50 food
(21:56 / Allies) brucewillisusa: no good
(22:00 / Allies) brucewillisusa: ok tp
(22:07 / Allies) brucewillisusa: 1 of them tped
(22:08 / Allies) brucewillisusa: so if htey hit top
(22:11 / Allies) brucewillisusa: tp and fight at our top
(22:54 / All) brucewillisusa: rushign tnhis map is always asking for a fucked up game
(22:55 / All) brucewillisusa: lol
(23:20 / All) scholarvate: plz man hold ur coment to ur team
(23:24 / All) brucewillisusa: no
(23:26 / All) brucewillisusa: leave game
(23:26 / All) HopTop: hey fuck you
(23:41 / Allies) HopTop: get here
(23:46 / All) scholarvate: remeber alwas u can get ut enemy in ur next game
(23:47 / Allies) HopTop: lets finish this fucker
(23:51 / All) scholarvate: as ur allie
(23:52 / All) brucewillisusa: and ill stab them
(23:52 / All) brucewillisusa: idk
(23:53 / All) brucewillisusa: idc
(25:02 / All) brucewillisusa: niggers
(25:05 / All) brucewillisusa: lick my taint
(25:11 / All) brucewillisusa: tower lamers
(27:13 / All) Saurfang: team = me and teal
(27:17 / All) brucewillisusa: lol
(27:17 / All) Saurfang: 2vs4
(27:19 / All) brucewillisusa: teching clowns
(27:23 / All) brucewillisusa: good job saving ur allie at rush
(28:03 / All) scholarvate: but its not realy ther faut the mass hunts
(28:36 / All) brucewillisusa: lol
(28:42 / All) brucewillisusa: yeah gather all ur 44 food to ur shitty base
(28:47 / All) brucewillisusa: last stand with 3 towers
(29:14 / All) brucewillisusa: no sleep or bolt 4 u
(29:15 / All) brucewillisusa: nigger
(29:19 / All) mushroom: well yall mass towers
(29:30 / All) brucewillisusa: yeah mass tower = allies base dies not mine
(29:33 / All) brucewillisusa: then i blame ally for not having a base
(29:35 / All) brucewillisusa: = pro
(29:52 / Allies) mushroom: lmao
(31:05 / All) brucewillisusa: i c u
(31:19 / All) brucewillisusa: let it finish budiling
(31:21 / All) brucewillisusa: then kil it
(31:51 / Allies) mushroom: why?
(32:11 / All) brucewillisusa: i protect him
(32:11 / All) mushroom: fuckin nigger
(32:17 / Allies) mushroom: just end it
(32:23 / All) Saurfang: ty oj
(33:02 / All) brucewillisusa: lol
(33:39 / All) brucewillisusa: damn
(33:44 / All) HopTop: fuck u
(33:46 / All) HopTop: lol
(34:02 / Allies) brucewillisusa: he has warmill there
(34:05 / Allies) HopTop: its a peon
(34:14 / Allies) brucewillisusa: i saw it turn in wood
(36:32 / Allies) HopTop: stop
(36:46 / Allies) mushroom: you got gainst me nigger
(36:51 / Allies) mushroom: wtf?
(37:21 / Allies) brucewillisusa: its just sort of a contest now
(37:23 / Allies) brucewillisusa: nothign persnal
(38:48 / All) HopTop: stop being a faggot
(38:50 / Allies) mushroom: dude just end it
(38:52 / All) Saurfang: lol
(38:56 / All) Saurfang: leave
(39:01 / All) Saurfang: and ty oj
(39:13 / All) brucewillisusa: sauerfang is my clan mate
(39:14 / All) brucewillisusa: lol
(39:16 / All) HopTop: ima laugh if they have an expo and are building shit
(39:21 / All) mushroom: and?
(41:49 / All) mushroom: im reporting you oj
(41:53 / All) brucewillisusa: ???
(42:01 / All) Saurfang: reporting to who
(42:05 / All) Saurfang: lol]
(42:06 / All) mushroom: for bsin the whole game
(42:12 / All) Saurfang: haha
(42:12 / All) brucewillisusa: i played hard at start
(42:15 / All) brucewillisusa: only bsed last third
(42:16 / All) mushroom: to blizzard
(42:29 / All) Saurfang: and you dont make nothing
(43:06 / All) Saurfang: if oj dont be in your team you and your alies are dead now for me and teal
(43:34 / All) Saurfang: so you have many lucky
(45:26 / Allies) mushroom: get it
(45:51 / Allies) mushroom: fucker
(46:46 / All) Saurfang: oj do you have clan?
(46:50 / All) brucewillisusa: no
(47:00 / All) Saurfang: wanna make on?
(47:04 / All) Saurfang: one*
(47:06 / All) brucewillisusa: nah
(47:07 / All) brucewillisusa: 2 much trouble
(47:22 / All) Saurfang: hey we can do it
(48:13 / All) Saurfang: who many left of your team
(48:18 / All) Saurfang: how*
(48:19 / All) brucewillisusa: i got 2 allies left
(49:27 / All) brucewillisusa: well i guess i have to kill all my stuff
(49:32 / All) brucewillisusa: lliooks like allie will never leave
(49:34 / All) Saurfang: me
(49:44 / All) Saurfang: coz you want win rigth?
(49:52 / All) brucewillisusa: nah i dont really care abotu win that much
(50:03 / All) brucewillisusa: killing allies is jsut like killing enemy if its a challenge
(50:06 / All) brucewillisusa: it was kind of a fun game
(50:12 / All) brucewillisusa: seeng if i could keep them away from ur main
(50:21 / All) brucewillisusa: i won the game and they are bein jerks and not leaving
(50:24 / All) Saurfang: yeah
(50:40 / All) Saurfang: yeah i told to yellow
(51:10 / All) Saurfang: if you dont be in this game he is dead now
(51:26 / All) brucewillisusa: red was the wort
(51:31 / All) brucewillisusa: all he made all game was tier 1 huntress
(51:37 / All) brucewillisusa: then he ran away every time he saw enemy
(51:45 / All) mushroom: yea.
(52:02 / All) mushroom: i reall need the win :-/ was tryin to stay above 50% but w.e
(55:07 / All) mushroom: u are worthless
(55:11 / All) mushroom: im gettin you banned
(55:31 / All) Saurfang: hey mushroom shut up
(55:37 / All) mushroom: fuck you
(55:52 / All) Saurfang: hahah
(56:15 / All) Saurfang: i told to you basterd you dont nothing in this game
(56:25 / All) mushroom: what?
(56:28 / All) Saurfang: you AM died many times
(56:38 / All) mushroom: i am died ?
(56:42 / All) mushroom: dude learn english
(56:51 / All) Saurfang: your AM
(56:56 / All) Saurfang: ARCHMAGE
(56:59 / All) Saurfang: SUCKER
(57:58 / All) Saurfang: YOUR AM AND MAKE GIVE LEVEL5 TO MY DL AND 4 TO DK AND OJ WON THIS GAME ALONE
(59:08 / All) brucewillisusa: lol a fight!
(59:46 / All) brucewillisusa: u know what im gonna do?
(59:48 / All) brucewillisusa: im gonna kill my heros
(59:53 / All) brucewillisusa: put them in an air ship
(59:55 / All) brucewillisusa: and kill it over water
(59:57 / All) brucewillisusa: lolol
(60:03 / All) mushroom: wow. lmao
(61:04 / All) Saurfang: HOW KILLYOUR ANCIENT
(61:13 / All) mushroom: this is funny
(61:13 / All) brucewillisusa: there are creeps left i can suicide it on
(61:22 / All) Saurfang: AH OK
(62:31 / All) brucewillisusa: aww
(64:24 / All) brucewillisusa: long walk
(65:02 / All) brucewillisusa: we now have nothing but a singel aow
(65:17 / All) mushroom: aw come on
(65:19 / All) mushroom: lol
(65:27 / All) brucewillisusa: if riquelme leaves
(65:30 / All) brucewillisusa: then ill leave
(65:33 / All) brucewillisusa: and mushroom can win
(65:36 / All) brucewillisusa: if he stays i suicide it
(65:39 / Allies) mushroom: leave riquekne
(65:41 / Allies) mushroom: please
(65:47 / Allies) brucewillisusa: its either a tie or a loss for you requelme
(66:06 / Allies) mushroom: riq leave
(66:20 / Allies) mushroom: tie meaning?
(66:26 / Allies) mushroom: if i leavE?
(66:34 / Allies) brucewillisusa: if riq and i leave
(66:35 / Allies) brucewillisusa: and u win
(66:37 / Allies) brucewillisusa: riq gets a tie
(66:39 / Allies) brucewillisusa: if he doesnt leave
(66:41 / Allies) brucewillisusa: he gets a loss
(66:55 / Allies) brucewillisusa: tie = no stats go on ur record
(67:06 / Allies) mushroom: well riq leave
(67:15 / Allies) mushroom: wat if i leve
(67:21 / Allies) brucewillisusa: then u get a loss
(67:27 / Allies) mushroom: ....
(67:27 / Allies) mushroom: :-/
(67:28 / Allies) brucewillisusa: riquelme is onyl one that matters
(67:34 / Allies) brucewillisusa: ok how about this
(67:37 / Allies) brucewillisusa: im gonna walk aow all the way ehre
(67:38 / Allies) mushroom: i think hes afk do watever
(67:41 / Allies) brucewillisusa: then i will leave
(67:44 / Allies) mushroom: ok
(68:10 / Allies) brucewillisusa: actually riquelme has shared control
(68:15 / Allies) brucewillisusa: he must be afk
(68:17 / Allies) brucewillisusa: cuz hes not using it
(68:25 / Allies) mushroom: yea..
(68:53 / All) brucewillisusa: u dont have 75 gold to start rebuilding?
(69:02 / All) brucewillisusa: u could use ur shredder to kill a creep maybe
(70:12 / Allies) brucewillisusa: ok
(70:12 / Allies) mushroom: woo lol
(70:46 / All) brucewillisusa: my minimap is glitched
(70:54 / All) brucewillisusa: it shows a red line underneath a bottom left gold mine
(71:00 / All) mushroom: ?
(71:09 / Allies) brucewillisusa: there
(71:11 / Allies) brucewillisusa: is like a red line
(71:19 / Allies) mushroom: lol wonder y
(71:50 / Allies) mushroom: this is gonna take years...
(72:24 / All) mushroom: warpten
(72:26 / All) mushroom: lol
(73:05 / All) mushroom: you even there teal?
(73:47 / All) mushroom: i gotta save this replay...
(74:55 / All) mushroom: this is commitment right here.
(74:58 / All) mushroom: lol
(77:24 / Allies) mushroom: how did i know...
(77:31 / Allies) mushroom: you aint a man of your owrd
(77:31 / Allies) brucewillisusa: lol
(77:38 / Allies) mushroom: ...
(77:56 / Allies) mushroom: please.
(78:00 / Allies) mushroom: keep your word
(78:20 / Allies) mushroom: how you eatin items lmao
(79:10 / Allies) brucewillisusa: lol
(79:13 / All) mushroom: lmao
(79:17 / Allies) mushroom: pleassse
(79:30 / All) mushroom: omg
(79:33 / All) mushroom: lol
(79:40 / Allies) mushroom: 2 hits if that
(79:42 / Allies) mushroom: >.<
(80:21 / Allies) mushroom: just hit it once
(80:23 / Allies) mushroom: lol
(80:46 / Allies) mushroom: aaaaa >.<
(80:53 / Allies) brucewillisusa: riquelme has control
(81:00 / Allies) brucewillisusa: im going afk and he can come back and finish it
(81:13 / Allies) brucewillisusa: or teal might just leave
(81:23 / Allies) mushroom: WOW. JUST KEEP YOUR WORD GIVE ME CONTROL FOR 6 SECS
(81:24 / Allies) mushroom: LOL
(81:52 / Allies) mushroom: AAAAAA
(82:02 / Allies) mushroom: JUS 1 LOL
(82:18 / Allies) mushroom: lol\
(82:21 / Allies) mushroom: omg
(82:57 / Allies) brucewillisusa: RIQUELMEEEEEEEEEEEEEEEEEEEEEEE
(82:58 / Allies) mushroom: ... o.O???
(83:11 / Allies) mushroom: RIQUELME COME ON
(83:32 / All) Saurfang: OJ
(83:35 / All) brucewillisusa: yo
(83:54 / All) Saurfang: I THINKED YOU WILL SUCIDE
(84:18 / All) mushroom: he said hed make me a deal tooo.. he dont keep his word too much lol
(84:44 / All) Saurfang: ARE YOU GOING KILL YOURSELF
(84:48 / All) brucewillisusa: yea im going now
(84:51 / All) brucewillisusa: to the bottopm middle shop
(84:57 / Allies) mushroom: what the helllllll
(85:00 / All) mushroom: ....
(85:01 / All) brucewillisusa: if riquelme comes back he can save it
(85:02 / All) brucewillisusa: but he went afk
(85:07 / All) brucewillisusa: i shared controlw ith requelme
(85:15 / All) brucewillisusa: so if hes gonna go afk
(85:17 / All) brucewillisusa: fuck him he loses
(85:25 / Allies) mushroom: plz
(85:40 / All) Saurfang: QHO A RIGUELME OJ
(85:42 / Allies) brucewillisusa: maybe ill win the figtht at the merc shop
(85:43 / Allies) mushroom: thought if you went to top left youd leave
(85:46 / All) Saurfang: who*
(85:54 / All) brucewillisusa: riquelme = red
(85:55 / Allies) mushroom: ...
(86:04 / All) Saurfang: hes alive
(86:10 / All) brucewillisusa: how abotu this
(86:12 / All) brucewillisusa: purple and red
(86:14 / All) brucewillisusa: rock paper scissors
(86:16 / All) brucewillisusa: for the win
(86:20 / All) brucewillisusa: when i say GO
(86:23 / All) brucewillisusa: u post ur hcoice
(86:29 / All) brucewillisusa: if u post it too late its a loss by default
(86:33 / All) brucewillisusa: ready?
(86:37 / All) brucewillisusa: set...
(86:39 / All) brucewillisusa: GO
(86:49 / All) mushroom: red says paper
(86:56 / All) Saurfang: lol
(87:05 / All) mushroom: he wins
(87:08 / All) brucewillisusa: u guys didnt say anything??
(87:09 / All) mushroom: lol purp didnt post
(87:13 / All) mushroom: xD
(87:23 / All) brucewillisusa: no its yellow vs purp
(87:25 / All) mushroom: nooo you killed that poor froggy
(87:26 / All) brucewillisusa: in rock paper scissors
(87:26 / All) brucewillisusa: GO
(87:30 / All) mushroom: rock
(87:34 / All) Saurfang: rock
(87:37 / All) mushroom: he said nothin
(87:40 / All) mushroom: i win
(87:40 / All) brucewillisusa: REMATCH TIME
(87:41 / All) mushroom: lol
(87:45 / All) brucewillisusa: ready ? set...
(87:47 / All) brucewillisusa: GO
(87:51 / All) Saurfang: paper
(87:55 / All) mushroom: scissors\
(88:02 / All) brucewillisusa: >:[
(88:06 / All) brucewillisusa: that was very late!
(88:12 / All) mushroom: im slow typer
(88:20 / All) mushroom: plus long word
(89:12 / Allies) mushroom: just let me hit it one time
(89:13 / Allies) mushroom: plz
(89:44 / Allies) mushroom: stop
(89:50 / Allies) brucewillisusa: hes dancing
(89:57 / Allies) mushroom: lol
(89:58 / All) Saurfang: oj
(90:07 / All) brucewillisusa: yo
(90:09 / All) Saurfang: plz
(90:19 / All) Saurfang: sucide your tree
(90:22 / Allies) mushroom: omg.
(90:27 / All) mushroom: y i got all day]
(90:56 / Allies) mushroom: ....
(91:09 / Allies) mushroom: he keeps commin and goin ive been here whoolollle time
(91:17 / Allies) brucewillisusa: hmmm
(91:19 / Allies) brucewillisusa: tghats true
(91:32 / All) brucewillisusa: brb
(91:33 / Allies) mushroom: please
(91:37 / All) brucewillisusa: yellow is in charge till i get back
(91:45 / All) Saurfang: do you will kill me
(91:47 / Allies) mushroom: pleasre take 3 mins
(91:48 / All) Saurfang: oj
(91:51 / Allies) mushroom: lol
(92:00 / All) Saurfang: or sucide
(92:34 / All) Saurfang: ok
(92:51 / All) Saurfang: who will won or lose
(92:58 / All) Saurfang: win*
(93:09 / All) Saurfang: this in your hand oj
(93:30 / Allies) mushroom: please be afk 2 mins
(93:32 / Allies) mushroom: ...
(93:46 / Allies) brucewillisusa: ok one more deal
(93:48 / Allies) brucewillisusa: thios one i will keep
(93:52 / Allies) brucewillisusa: if u eat all these trees
(93:53 / Allies) mushroom: k
(93:55 / Allies) brucewillisusa: ill let u win
(93:58 / Allies) brucewillisusa: u have to eat htem all
(93:59 / Allies) mushroom: l
(94:03 / Allies) brucewillisusa: in that group by tavern
(94:15 / Allies) mushroom: ii will
(94:20 / Allies) mushroom: plz keep it
(94:21 / Allies) brucewillisusa: k good
(94:22 / All) Saurfang: finish me and over this game
(94:28 / Allies) brucewillisusa: ur gettoing off easy
(94:32 / Allies) brucewillisusa: i could make u eat them all on the map
(94:35 / All) Saurfang: ty for game oj
(94:38 / All) brucewillisusa: ya gg
(94:51 / All) Saurfang: i hope play with you again
(94:53 / All) brucewillisusa: i put yellow on tree eating duty
(95:13 / Allies) mushroom: you whispered him
(95:19 / Allies) mushroom: your gonna give him game anyways
(95:25 / Allies) brucewillisusa: no i didnt
(95:29 / Allies) brucewillisusa: actually im surprised he isnt leaving
(95:30 / Allies) mushroom: k
(95:35 / Allies) mushroom: lol
(95:37 / All) brucewillisusa: i went to the orange spot
(95:39 / All) brucewillisusa: there are no creeps left
(96:03 / Allies) mushroom: other side too?
(96:04 / Allies) mushroom: lol
(96:08 / Allies) brucewillisusa: nah there are creeps
(96:15 / All) brucewillisusa: the only creeps left are upstairs
(96:15 / Allies) mushroom: k
(96:20 / All) Saurfang: do you ceared dragons in midle
(96:23 / All) brucewillisusa: so we have to wait for yellow and red to leave
(96:23 / All) brucewillisusa: ya
(96:28 / All) brucewillisusa: with my chippo
(96:39 / All) mushroom: i wont leave
(96:42 / All) mushroom: i got all day
(96:44 / All) mushroom: sorry
(97:14 / Allies) brucewillisusa: riquelmeeeeeeeeeeeeeeeeeeeeeeeeeeeeeeeee
(97:18 / Allies) mushroom: see he keeps goin afk
(97:27 / Allies) brucewillisusa: ya
(97:31 / Allies) mushroom: purp dont want it that bad
(97:33 / Allies) brucewillisusa: on the other hand he has nothign to watch but a hall
(97:35 / All) Saurfang: try see the creeps in my side
(97:38 / Allies) brucewillisusa: u have a tree guy walkign around
(97:41 / All) brucewillisusa: i checked those
(97:49 / All) brucewillisusa: only the upstairs mines are left
(97:52 / All) brucewillisusa: the top 2 upstairs mines
(98:13 / All) Saurfang: try in market
(98:21 / Allies) brucewillisusa: ???
(98:26 / All) Saurfang: blue barrack
(98:43 / All) Saurfang: in front ofmine
(98:44 / All) brucewillisusa: i wish you had an aow too
(98:48 / All) brucewillisusa: we coudl run around map
(98:51 / All) brucewillisusa: eating trees for heal
(98:54 / All) brucewillisusa: and fighting it out
(99:16 / Allies) mushroom: lol
(99:40 / Allies) brucewillisusa: whats the limit
(99:40 / All) Saurfang: oj do you saw a shop to buy mercenary
(99:45 / Allies) brucewillisusa: on numbner of trees i could have gotten u to eat?
(99:47 / All) Saurfang: go to there
(99:53 / Allies) brucewillisusa: a deals a deal
(99:54 / All) Saurfang: and sucide your tree
(99:57 / Allies) brucewillisusa: but now i wonder if i coudl have asked for more
(100:02 / Allies) brucewillisusa: like i f i told u to eat all these
(100:03 / Allies) mushroom: no
(100:04 / Allies) mushroom: lol
(100:07 / All) Saurfang: if you realy want do this
(100:23 / Allies) Riquelme: still playing?
(100:26 / Allies) Riquelme: i was afk
(100:27 / All) brucewillisusa: red is back
(100:28 / Allies) mushroom: wtf
(100:28 / All) brucewillisusa: lol
(100:29 / Allies) Riquelme: cant believe
(100:36 / All) Saurfang: l0ol
(100:47 / Allies) mushroom: give me control
(100:52 / Allies) mushroom: i will eat
(100:55 / Allies) mushroom: lol
(101:01 / Allies) brucewillisusa: red tried to make it atack
(101:04 / Allies) brucewillisusa: what a sneaker
(101:12 / Allies) Riquelme: what is the situation
(101:17 / Allies) brucewillisusa: im going to eat these trees
(101:21 / Allies) brucewillisusa: then im gonna suicde
(101:22 / Allies) brucewillisusa: down here
(101:30 / Allies) mushroom: no
(101:31 / Allies) Riquelme: i cant believe
(101:37 / Allies) Riquelme: are we winning?
(101:40 / Allies) brucewillisusa: no
(101:40 / Allies) Riquelme: or not
(101:43 / Allies) brucewillisusa: im gonna eat all trees
(101:45 / Allies) brucewillisusa: then go to creeps
(101:55 / Allies) brucewillisusa: every tree on map
(102:05 / Allies) Riquelme: what have enemy?
(102:08 / Allies) brucewillisusa: a hero
(102:09 / Allies) brucewillisusa: and a hall
(102:26 / Allies) mushroom: im done
(102:31 / Allies) brucewillisusa: time to suicicde
(102:33 / Allies) mushroom: deal is a deal
(102:34 / Allies) Riquelme: why we have no units?
(102:53 / Allies) Riquelme: so what next?
(102:55 / Allies) brucewillisusa: i teamkilled
(102:58 / Allies) brucewillisusa: and now i will suicide
(104:02 / Allies) mushroom: Zzzzzz
(104:04 / Allies) mushroom: lol
(104:18 / Allies) brucewillisusa: good bye cruel world
(104:25 / Allies) brucewillisusa: it was not a good place for a tree to live
(104:34 / Allies) mushroom: hahaha
(104:42 / Allies) brucewillisusa: whoa an igloo
(105:07 / Allies) Riquelme: where is our main?
(105:10 / Allies) brucewillisusa: I KILLED
(105:32 / Allies) Riquelme: so why are we still alive?
(105:36 / Allies) brucewillisusa: i have this guy
(105:45 / Allies) brucewillisusa: the enemy has buildings up on a ledge
(105:47 / Allies) brucewillisusa: i cant get up there
(107:10 / All) brucewillisusa: lol
(107:11 / All) brucewillisusa: sweet
(107:24 / Allies) mushroom: ty
(107:39 / Allies) mushroom: did any one whisper to u bruce
(107:42 / Allies) brucewillisusa: ya
(107:45 / Allies) brucewillisusa: halo_is_cool
(107:49 / Allies) mushroom: who
(107:51 / Allies) mushroom: o
(107:55 / Allies) mushroom: ???
(108:09 / All) brucewillisusa: ur dead!
(108:12 / All) brucewillisusa: ur gonna die!
(108:25 / Allies) mushroom: what did he said
(108:29 / Allies) mushroom: :/
(108:30 / Allies) brucewillisusa: id lol if 12 wyvs came steaming out of the darkness
(108:32 / Allies) brucewillisusa: he said to kill the hall
(108:39 / Allies) mushroom: lol
(108:41 / Allies) mushroom: weird